 Dungeon Crawl Stone Soup version 0.20-a0-455-gc3b7d50 (webtiles) character file.

291 Queen the Insei (level 6, -11/38 HPs)
             Began as an Octopode Transmuter on Jan 10, 2017.
             Mangled by an ogre
             ... wielding a +0 giant spiked club
              (19 damage)
             ... on level 4 of the Dungeon.
             The game lasted 00:14:12 (3549 turns).

Queen the Insei (Octopode Transmuter)               Turns: 3549, Time: 00:14:12

Health: -11/38     AC:  3    Str:  9    XL:     6   Next: 32%
Magic:  13/18      EV: 13    Int: 15    God:
Gold:   257        SH:  0    Dex: 15    Spells: 3/9 levels left

rFire  . . .     SeeInvis .       - Unarmed
rCold  . . .     Gourm    .     (no shield)
rNeg   . . .     Faith    .     (helmet restricted)
rPois  .         Spirit   .     (no amulet)
rElec  .         Reflect  .     e - ring of magical power
rCorr  .         Harm     .     (no ring)
MR     .....                    (no ring)
Stlth  ++........               (no ring)
                                (no ring)
                                (no ring)
                                (no ring)
                                (no ring)

@: very slightly contaminated
A: almost no armour, stealthy swim, amphibious, 8 rings, constrict 8, icy blue
scales 1, camouflage 1, gelatinous body 1
a: no special abilities


You were on level 4 of the Dungeon.
You were near starving.

You visited 1 branch of the dungeon, and saw 4 of its levels.

You collected 257 gold pieces.

Inventory:

Hand Weapons
 k - a +0 club
Missiles
 a - 82 arrows
Jewellery
 e - a ring of magical power (left tentacle)
Wands
 r - a wand of polymorph (18/24)
Scrolls
 g - a scroll of teleportation
 h - 3 scrolls of enchant armour
 j - 2 scrolls of remove curse
 l - a scroll of amnesia
Potions
 d - a potion of magic {unknown}
 i - 2 potions of might
 n - 4 potions of curing {unknown}
 o - a potion of flight {unknown}
 p - a potion of agility {unknown}
 s - a potion of ambrosia {unknown}
Books
 b - a book of Changes

   Spells                             Type                      Level
   a - Beastly Appendage              Transmutation                1
   b - Sticks to Snakes               Transmutation                2
   c - Spider Form                    Transmutation/Poison         3
   d - Ice Form                       Ice/Transmutation            4
   e - Blade Hands                    Transmutation                5
Comestibles
 c - 3 bread rations
 m - a meat ration


   Skills:
 - Level 1.0 Fighting
 - Level 2.0 Dodging
 + Level 6.9 Unarmed Combat
 - Level 2.0 Spellcasting
 - Level 2.0 Transmutations


You had 3 spell levels left.
You knew the following spells:

 Your Spells              Type           Power        Failure   Level  Hunger
a - Beastly Appendage     Tmut           #.....       12%         1    #......
b - Spider Form           Tmut/Pois      #.........   43%         3    ###....
c - Sticks to Snakes      Tmut           #.......     14%         2    ###....


Dungeon Overview and Level Annotations

Branches:
Dungeon (4/15)
 Temple: D:4-7

Altars:
Ashenzari
Elyvilon
Kikubaaqudgha
Vehumet
Zin


Innate Abilities, Weirdness & Mutations

You cannot wear most types of armour.
You are very stealthy in the water. (Stealth+)
You are amphibious.
You can wear up to eight rings at the same time.
You can use your tentacles to constrict eight enemies at once.
Your skin changes colour to match your surroundings (Stealth+).
Your rubbery body absorbs attacks. (AC +1, EV +1)
You are partially covered in icy blue scales. (AC +2)


Message History

Confirm with . or Enter, or press ? or * to list all spells.
You miscast Spider Form.
You are very lightly contaminated with residual magic.
You feel a strange surge of energy!
Your tentacle spike disappears.
You see here a ring mail.
Found 14 stones.
Found a stone staircase leading up.
You see here 8 bolts.
An adder comes into view.
Casting: Spider Form
Confirm with . or Enter, or press ? or * to list all spells.
You miscast Spider Form.
You feel a strange surge of energy! The ogre closely misses you.
You bludgeon the ogre! Your squeeze misses the ogre.
The ogre is almost dead.
You completely miss the ogre.
The ogre is almost dead.
The ogre hits you with a giant spiked club!!
Ouch! That really hurt!
You die...

####### ##.....##
## ##.......##S..#
#..(.<.........
#......@# ###
#......O# ..#
#.......# ##.#
#.....(.#
#..###.......#
####...##.......#
#.....# #.......#
##.###)###.......#
........)........#


You could see an ogre and an adder (sleeping).

Vanquished Creatures
  An ice beast (D:4)
  An orc wizard (D:4)
  Jessica (D:2)
  A worker ant (D:4)
  5 adders
  An ooze (D:1)
  A worm (D:2)
  A dart slug (D:3)
  3 leopard geckos
  5 orcs
  3 bats
  6 giant cockroaches
  6 goblins
  3 hobgoblins
  3 jackals
  2 quokkas (D:4)
  3 ball pythons
  6 frilled lizards
  3 kobolds
  9 rats
64 creatures vanquished.

Notes
Turn   | Place    | Note
-------+----------+-------------------------------------------
     0 | D:1      | Queen the Octopode Transmuter began the quest for the Orb.
     0 | D:1      | Reached XP level 1. HP: 13/13 MP: 3/3
   468 | D:1      | Reached XP level 2. HP: 10/18 MP: 5/5
   926 | D:1      | Reached skill level 4 in Unarmed Combat
   926 | D:1      | Reached XP level 3. HP: 3/23 MP: 6/6
   933 | D:1      | HP: 1/23 [poisoned by an adder]
  1693 | D:2      | Reached XP level 4. HP: 22/28 MP: 7/7
  1795 | D:2      | Noticed Jessica
  1828 | D:2      | Learned a level 3 spell: Spider Form
  1832 | D:2      | Learned a level 2 spell: Sticks to Snakes
  1832 | D:2      | Gained mutation: You are partially covered in icy blue scales. (AC +2) [potion of beneficial mutation]
  1866 | D:2      | Killed Jessica
  1866 | D:2      | Reached skill level 5 in Unarmed Combat
  3139 | D:4      | Reached XP level 5. HP: 33/33 MP: 8/8
  3225 | D:4      | Reached skill level 6 in Unarmed Combat
  3499 | D:4      | Found a radiant altar of Vehumet.
  3499 | D:4      | Noticed an ice beast
  3506 | D:4      | Found a shattered altar of Ashenzari.
  3506 | D:4      | Found a glowing silver altar of Zin.
  3507 | D:4      | Found an ancient bone altar of Kikubaaqudgha.
  3507 | D:4      | Found a white marble altar of Elyvilon.
  3507 | D:4      | Noticed an ogre
  3522 | D:4      | Killed an ice beast
  3522 | D:4      | Reached XP level 6. HP: 17/38 MP: 9/9
  3549 | D:4      | Mangled by an ogre

Vault maps used:
D:1:      evilmike_arrival_rings, minmay_misc_feat_x
D:2:      first_bread, st_stairs_5, uniq_jessica
D:4:      grunt_temple_overflow_open, uniq_crazy_yiuf_cottage

Skill      XL: |  1  2  3  4  5 |
---------------+----------------+-----
Unarmed Combat | 4 5 6 |  6.9
Fighting       | |  1.0
Dodging        | |  2.0
Spellcasting   | |  2.0
Transmutations | |  2.0

Action                   |  1- 3 |  4- 6 || total
-------------------------+-------+-------++-------
Melee: Unarmed           |    67 |    93 ||   160
       Constrict         |    19 |    18 ||    37
       Tentacles         |    11 |    10 ||    21
       Kick              |     2 |     2 ||     4
       Punch             |     1 |     6 ||     7
 Cast: Beastly Appendage |     1 |     1 ||     2
       Spider Form       |       |     3 ||     3
  Use: Potion            |     2 |     1 ||     3
       Scroll            |       |     7 ||     7
 Stab: Sleeping          |     1 |     6 ||     7
       Distracted        |     1 |       ||     1
  Eat: Chunk             |     2 |     5 ||     7
Armor: Skin              |     5 |    10 ||    15
Dodge: Dodged            |    42 |    43 ||    85
